 Dungeon Crawl Stone Soup version 0.27-a0-1119-gbf574a6a6b (webtiles) character file.

Game seed: 3428369270760679523

26 kodamatunes15 the Slasher (level 3, 0/29 HPs)
             Began as a Ghoul Gladiator on May 3, 2021.
             Slain by a jackal (1 damage)
             ... on level 2 of the Dungeon.
             The game lasted 00:08:48 (1120 turns).

kodamatunes15 the Slasher (Ghoul Gladiator)         Turns: 1120, Time: 00:08:49

Health: 0/29       AC: 11    Str: 18    XL:     3   Next: 8%
Magic:  2/2        EV:  5    Int:  3    God:
Gold:   20         SH:  0    Dex: 10    Spells: 2/2 levels left

rFire    . . .     SeeInvis .   e - +1 dagger (speed)
rCold    + . .     Faith    .   (no shield)
rNeg     + + +     Spirit   .   l - +0 plate armour
rPois    ∞         Reflect  .   c - +0 helmet
rElec    .         Harm     .   (no cloak)
rCorr    .         Rampage  .   (no gloves)
Will     .....                  (no boots)
Stlth    ..........             (no amulet)
HPRegen  0.00/turn              (no ring)
MPRegen  0.08/turn              (no ring)

@: no status effects
A: claws 1, cold resistance 1, negative energy resistance 3, inhibited
regeneration, torment resistance 2, unbreathing 1
a: no special abilities


You were on level 2 of the Dungeon.
You visited 1 branch of the dungeon, and saw 2 of its levels.

You collected 20 gold pieces.

Inventory:

Hand Weapons
 a - a +0 long sword
 e - a +1 dagger of speed (weapon)
 i - a +0 club
Missiles
 d - 3 throwing nets (quivered)
 f - 30 sling bullets
 g - 34 bolts
 h - 39 stones
Armour
 b - a +0 leather armour
 c - a +0 helmet (worn)
 l - a +0 plate armour (worn)
Jewellery
 k - an amulet of the acrobat


   Skills:
 + Level 2.3 Fighting
 + Level 0.1(1.9) Short Blades
 + Level 3.2 Long Blades
 + Level 2.0 Throwing
 + Level 0.1 Armour
 + Level 3.1 Dodging


You had 2 spell levels left.
You didn't know any spells.
Your spell library was empty.

Dungeon Overview and Level Annotations

Branches:
Dungeon (2/15)

Altars:


Innate Abilities, Weirdness & Mutations

You thrive by killing the living.
You are immune to poison.
You have sharp fingernails.
Your flesh is cold resistant. (rC+)
You are immune to negative energy. (rN+++)
You do not regenerate when monsters are visible.
You are immune to unholy pain and torment.
You can survive without breathing.


Message History

You closely miss the gnoll.
The gnoll is severely wounded.
The jackal closely misses you.
The jackal bites you but does no damage. x2
The jackal bites you but does no damage.
The jackal bites you.
The jackal bites you but does no damage.
The gnoll hits you with a +0 club. The gnoll hits you but does no damage.
You miss the jackal. The jackal barely misses you.
The jackal bites you but does no damage. x2
The goblin hits you but does no damage. The gnoll hits you with a +0 flail!
* * * LOW HITPOINT WARNING * * *
You barely miss the goblin. The jackal completely misses you.
The jackal bites you but does no damage.
The gnoll hits you but does no damage. x2
The jackal bites you but does no damage.
The goblin hits you but does no damage.
The jackal bites you but does no damage.
The gnoll hits you but does no damage. The gnoll completely misses you.
The jackal bites you.
* * * LOW HITPOINT WARNING * * *
The jackal bites you but does no damage.
The gnoll hits you but does no damage.
The jackal bites you but does no damage.
The jackal bites you.
* * * LOW HITPOINT WARNING * * *
The gnoll hits you but does no damage. The gnoll hits you but does no damage.
You hit the gnoll.
You kill the gnoll!
The jackal bites you but does no damage.
The gnoll hits you but does no damage.
Your Throwing skill increases to level 2!
You have reached level 3!
Your experience leads to an increase in your attributes!
Increase (S)trength, (I)ntelligence, or (D)exterity?
You feel stronger.
The jackal bites you but does no damage.
The jackal bites you.
You die...

......##.....#.......
......##.#.#......... .
.....##.#.##........ ..
.......#.#.........
##.####................
......#....#.#........?
#..#.............>.#
#....gh#.#.#......#
####.@g.h....)....#
##.hg.......####
#......#.#..######
#...#..|.#..##....
..#..#...##.>.....
...#....$.##.......
.........####......
.......... ##.....
........... ##....


You could see 2 gnolls, 3 jackals and a goblin.

Vanquished Creatures
  A gnoll (D:2)
  3 dart slugs (D:1)
  A ball python (D:1)
  2 endoplasms (D:1)
  A hobgoblin (D:1)
  A kobold (D:2)
  A bat (D:1)
  A frilled lizard (D:1)
11 creatures vanquished.

Notes
Turn   | Place    | Note
-------+----------+-------------------------------------------
     0 | D:1      | kodamatunes15 the Ghoul Gladiator began the quest for the
                  | Orb.
     0 | D:1      | Reached XP level 1. HP: 17/17 MP: 0/0
   434 | D:1      | Reached XP level 2. HP: 22/24 MP: 1/1
   593 | D:1      | Found a faded altar of an unknown god.
  1112 | D:2      | HP: 1/24 [jackal (1)]
  1120 | D:2      | Reached XP level 3. HP: 1/29 MP: 2/2
  1120 | D:2      | Slain by a jackal

Illustrated notes

Levels and vault maps discovered:
D:1:      minmay_arrival_loop, layout_basic, ebering_ecumenical_altar_hall
D:2:      layout_rooms, minmay_misc_feat_more_columns

Skill      XL: |  1  2 |
---------------+-------+-----
Dodging        | 3 |  3.1
Long Blades    | 3 |  3.2
Throwing       | 2 |  2.0
Fighting       | |  2.3
Short Blades   | |  0.1
Armour         | |  0.1

Action                   || total
-------------------------++-------
Melee: Dagger            ||    69
  Use: Scroll            ||     2
Armor: Leather armour    ||     5
       Plate armour      ||    46
Dodge: Dodged            ||    21

Table legend: (Time is in decaauts)
 A = Elapsed time spent in this place.
 B = Non-inter-level travel time spent in this place.
 C = Inter-level travel time spent in this place.
 D = Time resting spent in this place.
 E = Time spent auto-exploring this place.
 F = Levels seen in this place.
 G = Mean time per level.
                   A        B        C        D        E       F      G
               +--------+--------+--------+--------+--------+-----+--------+
         Total |   1092 |    113 |    979 |      0 |      0 |   2 |  546.0 |
       Dungeon |   1092 |    113 |    979 |      0 |      0 |   2 |  546.0 |
               +--------+--------+--------+--------+--------+-----+--------+

Top non-repeatable levels by time:
     D:1: 1056 daAuts
     D:2: 36 daAuts
